 Dungeon Crawl Stone Soup version 0.26-a0-154-g3d63440f56 (webtiles) character file.

Game seed: 5232115490828698813

48 Flugslaktarn the Chiller (level 3, -5/16 HPs)
             Began as a Vine Stalker Ice Elementalist on July 1, 2020.
             Slain by a scorpion (8 damage)
             ... on level 4 of the Dungeon.
             The game lasted 00:03:06 (560 turns).

Flugslaktarn the Chiller (VSIE)                      Turns: 560, Time: 00:03:06

Health: -5/16      AC:  3    Str: 10    XL:     3   Next: 72%
Magic:  0/8        EV: 12    Int: 16    God:
Gold:   51         SH:  0    Dex: 14    Spells: 4/8 levels left

rFire    . . .     SeeInvis .   h - +0 dagger
rCold    . . .     Faith    .   (no shield)
rNeg     . . .     Spirit   +   a - +0 robe
rPois    .         Reflect  .   (no helmet)
rElec    .         Harm     .   (no cloak)
rCorr    .                      d - +0 pair of gloves
MR       .....                  (no boots)
Stlth    ++........             n - amulet of the acrobat
HPRegen  0.05/turn              (no ring)
MPRegen  0.11/turn              (no ring)

@: no status effects
A: fangs 2, magic shield, antimagic bite, no potion heal 3, rot immunity
a: no special abilities


You were on level 4 of the Dungeon.
You were not hungry.

You visited 1 branch of the dungeon, and saw 4 of its levels.

You collected 51 gold pieces.

Inventory:

Hand Weapons
 h - a +0 dagger (weapon)
   (You took it off a goblin on level 2 of the Dungeon)
Missiles
 l - 2 boomerangs (quivered)
 o - 19 bolts
Armour
 a - a +0 robe (worn)
 d - a +0 pair of gloves (worn)
   (You found it on level 1 of the Dungeon)
Jewellery
 n - an amulet of the acrobat (around neck)
   (You found it on level 3 of the Dungeon)
Scrolls
 e - a scroll of enchant weapon {unknown}
 i - a scroll of enchant armour {unknown}
 j - a scroll of teleportation {unknown}
 k - 4 scrolls of identify {unknown}
 m - 3 scrolls of remove curse {unknown}
 p - 2 scrolls of random uselessness {unknown}
Potions
 b - 2 potions of degeneration {unknown}
 f - a potion of ambrosia {unknown}
 g - a potion of curing {unknown}
Comestibles
 c - a ration


   Skills:
 - Level 1.5 Dodging
 - Level 2.4 Stealth
 + Level 3.2 Spellcasting
 + Level 4.7 Ice Magic


You had 4 spell levels left.
You knew the following spells:

 Your Spells              Type           Power        Failure   Level  Hunger
a - Freeze                Ice            ###.         2%          1    None
b - Frozen Ramparts       Ice            ###...       8%          3    ###....

Your spell library contained the following spells:

 Spells                   Type           Power        Failure   Level  Hunger
 Ozocubu's Armour         Chrm/Ice       ##......     22%         3    ###....
 Hailstorm                Conj/Ice       ##......     56%         4    ####...
 Summon Ice Beast         Ice/Summ       ##......     56%         4    ####...


Dungeon Overview and Level Annotations

Branches:
Dungeon (4/15)
 Temple: D:4-7

Altars:
Ashenzari
Ru
Trog
Xom


Innate Abilities, Weirdness & Mutations

You have extremely sharp teeth.
When hurt, damage is shared between your health and your magic reserves.
Your bite disrupts and absorbs the magic of your enemies.
Potions cannot restore your health.
You are immune to rotting.


Message History

You freeze the leopard gecko.
The leopard gecko is almost dead.
The leopard gecko seems to slow down.
Casting: Freeze (safe; 2% risk of failure)
Confirm with . or Enter, or press ? or * to list all spells.
Aiming: Freeze (safe; 2% risk of failure)
Press: ? - help, Shift-Dir - straight line, f/p - leopard gecko
Aim: a leopard gecko (almost dead, slow)
You freeze the leopard gecko.
You kill the leopard gecko!
Found a scroll labeled RYATOGI ISINE.
k - 2 scrolls labeled RYATOGI ISINE (gained 1)
Found a scroll labeled VIOSEF GAIFOOW.
Found a whip and 2 scrolls labeled RYATOGI ISINE.
Found a sacrificial altar of Ru.
m - 3 scrolls labeled VIOSEF GAIFOOW (gained 1)
Found a scroll labeled RYATOGI ISINE.
Found an escape hatch in the ceiling.
You see here a whip.
k - 4 scrolls labeled RYATOGI ISINE (gained 2)
A jackal and a scorpion come into view.
The jackal moves out of view.
Casting: Freeze (safe; 2% risk of failure)
Confirm with . or Enter, or press ? or * to list all spells.
Aiming: Freeze (safe; 2% risk of failure)
Press: ? - help, Shift-Dir - straight line, f - scorpion
Aim: a scorpion You freeze the scorpion!
The scorpion is heavily wounded.
The scorpion stings you.
Casting: Freeze (safe; 2% risk of failure)
Confirm with . or Enter, or press ? or * to list all spells.
Aiming: Freeze (safe; 2% risk of failure)
Press: ? - help, Shift-Dir - straight line, f/p - scorpion
Aim: a scorpion (heavily wounded)
You freeze the scorpion!
The scorpion is severely wounded.
The scorpion stings you!
* * * LOW HITPOINT WARNING * * *
Casting: Freeze (safe; 2% risk of failure)
Confirm with . or Enter, or press ? or * to list all spells.
Aiming: Freeze (safe; 2% risk of failure)
Press: ? - help, Shift-Dir - straight line, f/p - scorpion
Aim: a scorpion (severely wounded)
You freeze the scorpion.
The scorpion is almost dead.
The scorpion stings you.
* * * LOW HITPOINT WARNING * * *
The scorpion stings you!
Ouch! That really hurt!
You die...

#....#+###
.........#
.........#
.........+
.......# +....#
.<...## #....#
#.?..# #....#
#.s..# #....#
#.@..# +....#
+....# #....#
#....# #....#
#....#######....#
##...)..........#
#..............#
#.............#...
#............#.#..
#...........#...#.


You could see a scorpion.

Vanquished Creatures
  An adder (D:3)
  2 leopard geckos (D:4)
  3 orcs (D:3)
  4 goblins
  4 hobgoblins
  6 jackals
  A kobold (D:3)
  4 bats
  5 frilled lizards
  2 rats (D:3)
32 creatures vanquished.

Notes
Turn   | Place    | Note
-------+----------+-------------------------------------------
     0 | D:1      | Flugslaktarn the Vine Stalker Ice Elementalist began the
                  | quest for the Orb.
     0 | D:1      | Reached XP level 1. HP: 9/9 MP: 4/4
    59 | D:2      | Reached XP level 2. HP: 5/13 MP: 0/6
    88 | D:2      | Found a bloodstained altar of Trog.
   272 | D:3      | Reached XP level 3. HP: 13/16 MP: 6/8
   317 | D:3      | Learned a level 3 spell: Frozen Ramparts
   364 | D:3      | Found a shattered altar of Ashenzari.
   365 | D:3      | Found a shimmering altar of Xom.
   536 | D:4      | Found a sacrificial altar of Ru.
   553 | D:4      | Noticed a scorpion
   560 | D:4      | Slain by a scorpion

Illustrated notes

Levels and vault maps discovered:
D:1:      dpeg_arrival_shrine, layout_basic
D:2:      layout_loops_ring, lightli_temple_of_fire
D:3:      kennysheep_goblin_castle, layout_loops_ring,
          gammafunk_temple_overflow_statue, first_ration, minmay_goblin_outpost,
          uniq_ijyb, uniq_sigmund
D:4:      layout_gridville, kennysheep_little_box, nicolae_ru_awakened_eye

Skill      XL: |  1  2 |
---------------+-------+-----
Spellcasting   | 3 |  3.2
Dodging        | |  1.5
Stealth        | |  2.4
Ice Magic      | |  4.7

Action                   || total
-------------------------++-------
Melee: Unarmed           ||    14
       Bite              ||     5
       Dagger            ||    20
 Cast: Freeze            ||    38
       Frozen Ramparts   ||     1
 Stab: Sleeping          ||     4
Armor: Robe              ||     9
Dodge: Dodged            ||    46

Table legend:
 A = Non-vault XP
 B = Vault XP
 C = Vault XP percentage of total XP
 D = Non-vault monster count
 E = Vault monster count
 F = Vault count percentage of total count
                 A         B        C        D         E       F
            +---------+---------+-------+---------+---------+-------
      Total |      69 |       0 |   0.0 |      32 |       0 |   0.0
            +---------+---------+-------+---------+---------+-------
        D:1 |       8 |       0 |   0.0 |       5 |       0 |   0.0
        D:2 |      14 |       0 |   0.0 |      10 |       0 |   0.0
        D:3 |      41 |       0 |   0.0 |      15 |       0 |   0.0
        D:4 |       6 |       0 |   0.0 |       2 |       0 |   0.0
            +---------+---------+-------+---------+---------+-------
